 Dungeon Crawl Stone Soup version 0.28.0 (webtiles) character file.

Game seed: 15910539308329594128

472 mopl the Ducker (level 7, -2/59 HPs)
             Began as a Gnoll Monk on Feb 14, 2022.
             Was a Follower of Uskayaw.
             Succumbed to a kobold's poison
             ... on level 4 of the Dungeon.
             The game lasted 00:05:39 (3398 turns).

mopl the Ducker (Gnoll Monk)                        Turns: 3398, Time: 00:05:40

Health: -2/59      AC:  9    Str: 12    XL:     7   Next: 9%
Magic:  10/10      EV:  7    Int:  9    God:    Uskayaw [*.....]
Gold:   81         SH:  0    Dex: 15    Spells: 10/10 levels left

rFire   . . .      SeeInvis .   r - +2 short sword (venom)
rCold   . . .      Faith    .   (no shield)
rNeg    . . .      Spirit   .   v - +0 chain mail
rPois   .          Reflect  .   u - +0 helmet
rElec   .          Harm     .   (no cloak)
rCorr   .          Rampage  .   (no gloves)
Will    .....                   (no boots)
Stlth   ..........              (no amulet)
HPRegen 0.19/turn               (no ring)
MPRegen 0.12/turn               (no ring)

@: lethally poisoned (-2 -> -17)
A: fangs 1, strong nose, distributed training
a: Renounce Religion, Stomp


You were on level 4 of the Dungeon.
You worshipped Uskayaw.
Uskayaw was noncommittal.
You visited 1 branch of the dungeon, and saw 4 of its levels.

You collected 81 gold pieces.

Inventory:

Hand Weapons
 a - a +0 mace
 r - a +2 short sword of venom (weapon)
 w - a +2 dagger of electrocution
 y - a +2 whip of venom
Missiles
 b - 3 boomerangs
 d - 145 stones (quivered)
 j - 3 atropa-tipped darts
 k - 3 silver boomerangs
 l - 4 poisoned darts
 o - 35 sling bullets
Armour
 u - a +0 helmet (worn)
 v - a +0 chain mail (worn)
Wands
 x - a wand of iceblast (10)
Scrolls
 c - a scroll of vulnerability {unknown}
 g - 2 scrolls of teleportation {unknown}
 m - a scroll of acquirement {unknown}
 p - 2 scrolls of blinking {unknown}
 q - 2 scrolls of amnesia {unknown}
 s - a scroll of silence {unknown}
 t - a scroll of enchant weapon {unknown}
Potions
 e - 2 potions of curing
 f - a potion of lignification {unknown}
 h - 2 potions of haste {unknown}
 i - a potion of magic {unknown}
 n - a potion of flight {unknown}


   Skills:
 + Level 6.9 Fighting
 + Level 2.2 Short Blades
 + Level 2.2 Long Blades
 + Level 2.2 Axes
 + Level 6.9 Maces & Flails
 + Level 2.2 Polearms
 + Level 2.2 Staves
 + Level 2.2 Slings
 + Level 2.2 Bows
 + Level 2.2 Crossbows
 + Level 2.2 Throwing
 + Level 2.2 Armour
 + Level 6.9 Dodging
 + Level 4.8 Stealth
 + Level 2.2 Shields
 + Level 2.2 Unarmed Combat
 + Level 2.2 Spellcasting
 + Level 1.8 Conjurations
 + Level 1.8 Hexes
 + Level 1.8 Summonings
 + Level 1.8 Necromancy
 + Level 1.8 Translocations
 + Level 1.8 Transmutations
 + Level 1.8 Fire Magic
 + Level 1.8 Ice Magic
 + Level 1.8 Air Magic
 + Level 1.8 Earth Magic
 + Level 1.8 Poison Magic
 + Level 2.5 Invocations
 + Level 2.2 Evocations


You had 10 spell levels left.
You didn't know any spells.
Your spell library contained the following spells:

 Spells                   Type           Power      Damage    Failure   Level
 Freeze                   Ice            16%        1d4       99%         1


Dungeon Overview and Level Annotations

Branches:
Dungeon (4/15)
 Temple: D:4-7

Altars:
Sif Muna
Uskayaw

Shops:
D:1 *


Innate Abilities, Weirdness & Mutations

You have very sharp teeth.
Your uncanny sense of smell can sniff out nearby items.
Your experience applies equally to all skills.


Message History

You feel a bit more experienced.
You have reached level 7!
You can no longer pass through a line of other dancers.
A kobold comes into view. It is wielding a +2 whip of venom.
The kobold shouts!
You hit the kobold.
The kobold is moderately wounded.
The kobold hits you with a +2 whip of venom.
You are poisoned.
You miss the kobold.
The kobold is moderately wounded.
You feel very sick. The kobold hits you but does no damage.
You are more poisoned.
You hit the kobold but do no damage. You bite the kobold, but do no damage.
The kobold is moderately wounded.
You feel very sick. The kobold hits you but does no damage.
You barely miss the kobold.
The kobold is moderately wounded.
You feel very sick.
The kobold hits you with a +2 whip of venom.
* * * LOW HITPOINT WARNING * * *
You are lethally poisoned!
You hit the kobold but do no damage.
The kobold is poisoned.
The kobold is moderately wounded.
* * * LOW HITPOINT WARNING * * *
You feel very sick. The kobold hits you but does no damage.
You are more poisoned.
You hit the kobold.
You kill the kobold!
* * * LOW HITPOINT WARNING * * *
You feel very sick.
You hear the slow hiss of a very distant avalanche of sand.
* * * LOW HITPOINT WARNING * * *
You feel very sick.
You see here a +2 whip of venom.
y - a +2 whip of venom You die...

.. ..###.### ...
....... #......
......
#######......
.....
#.....#...... ...#
#.....#......
...###..#
#.....#......
........#
#.....#......
#@####.....#......
#.................
#############.#...
.... ...#.##
#..######.# #..#
#.# #.#########..#
#.# .......<.....#
#.# #.#####.####.#
#.#


There were no monsters in sight!

Vanquished Creatures
  A sky beast (D:4)
  A water moccasin skeleton (D:2)
  2 hounds
  2 orc priests (D:4)
  Jessica (D:3)
  An orc wizard (D:4)
  Robin (D:3)
  4 adders
  A white imp (D:3)
  2 worms
  A dart slug (D:1)
  5 orcs
  8 ball pythons
  5 endoplasms
  A giant cockroach (D:1)
  16 goblins
  9 hobgoblins
  2 jackals (D:1)
  9 quokkas
  6 bats
  4 frilled lizards
  11 kobolds
  10 rats
103 creatures vanquished.

Notes
Turn   | Place    | Note
-------+----------+-------------------------------------------
     0 | D:1      | mopl the Gnoll Monk began the quest for the Orb.
     0 | D:1      | Reached XP level 1. HP: 23/23 MP: 1/1
   302 | D:1      | Reached XP level 2. HP: 25/29 MP: 2/2
   306 | D:1      | Found Zung's General Store.
   416 | D:1      | Reached XP level 3. HP: 13/35 MP: 3/3
   784 | D:1      | Reached skill level 1 in Invocations
  1243 | D:1      | Reached skill level 1 in Short Blades
  1243 | D:1      | Reached skill level 1 in Long Blades
  1243 | D:1      | Reached skill level 1 in Axes
  1243 | D:1      | Reached skill level 1 in Polearms
  1243 | D:1      | Reached skill level 1 in Staves
  1243 | D:1      | Reached skill level 1 in Slings
  1243 | D:1      | Reached skill level 1 in Bows
  1243 | D:1      | Reached skill level 1 in Crossbows
  1243 | D:1      | Reached skill level 1 in Throwing
  1243 | D:1      | Reached skill level 1 in Armour
  1243 | D:1      | Reached skill level 1 in Shields
  1243 | D:1      | Reached skill level 1 in Unarmed Combat
  1243 | D:1      | Reached skill level 1 in Spellcasting
  1243 | D:1      | Reached skill level 1 in Evocations
  1459 | D:2      | Reached XP level 4. HP: 37/41 MP: 5/5
  1611 | D:2      | HP: 2/41 [poisoned by an adder]
  1880 | D:2      | Reached skill level 1 in Conjurations
  1880 | D:2      | Reached skill level 1 in Hexes
  1880 | D:2      | Reached skill level 1 in Summonings
  1880 | D:2      | Reached skill level 1 in Necromancy
  1880 | D:2      | Reached skill level 1 in Translocations
  1880 | D:2      | Reached skill level 1 in Transmutations
  1880 | D:2      | Reached skill level 1 in Fire Magic
  1880 | D:2      | Reached skill level 1 in Ice Magic
  1880 | D:2      | Reached skill level 1 in Air Magic
  1880 | D:2      | Reached skill level 1 in Earth Magic
  1880 | D:2      | Reached skill level 1 in Poison Magic
  1880 | D:2      | Reached XP level 5. HP: 34/47 MP: 5/7
  1955 | D:2      | Found a faded altar of an unknown god.
  1959 | D:2      | Got Plato's Grimoire of the Glacier
  1960 | D:2      | Prayed at the altar of an unknown god.
  1960 | D:2      | Became a worshipper of Uskayaw the Reveller
  1960 | D:2      | Reached * piety under Uskayaw
  1960 | D:2      | Reached ** piety under Uskayaw
  2153 | D:2      | Identified the -4 helmet "Usehubb" {Str+2}
  2493 | D:3      | Noticed Robin
  2533 | D:3      | Killed Robin
  2794 | D:3      | Reached skill level 2 in Invocations
  2794 | D:3      | Reached XP level 6. HP: 45/53 MP: 8/8
  2835 | D:3      | Noticed Jessica
  2842 | D:3      | Killed Jessica
  3157 | D:3      | Found a shimmering blue altar of Sif Muna.
  3294 | D:4      | Reached *** piety under Uskayaw
  3296 | D:4      | Reached skill level 2 in Short Blades
  3296 | D:4      | Reached skill level 2 in Long Blades
  3296 | D:4      | Reached skill level 2 in Axes
  3296 | D:4      | Reached skill level 2 in Polearms
  3296 | D:4      | Reached skill level 2 in Staves
  3296 | D:4      | Reached skill level 2 in Slings
  3296 | D:4      | Reached skill level 2 in Bows
  3296 | D:4      | Reached skill level 2 in Crossbows
  3296 | D:4      | Reached skill level 2 in Throwing
  3296 | D:4      | Reached skill level 2 in Armour
  3296 | D:4      | Reached skill level 2 in Shields
  3296 | D:4      | Reached skill level 2 in Unarmed Combat
  3296 | D:4      | Reached skill level 2 in Spellcasting
  3296 | D:4      | Reached skill level 2 in Evocations
  3296 | D:4      | Reached **** piety under Uskayaw
  3334 | D:4      | Noticed a sky beast
  3375 | D:4      | Killed a sky beast
  3376 | D:4      | Reached XP level 7. HP: 27/59 MP: 10/10
  3397 | D:4      | HP: 2/59 [poisoned by a kobold]
  3398 | D:4      | Succumbed to a kobold's poison

Illustrated notes

Levels and vault maps discovered:
D:1:      minmay_arrival_stone_box, layout_loops_ring, serial_shops, shop,
          minmay_box_of_dots
D:2:      layout_rooms, shapermc_ecumenical_altar_rom_forum, serial_forest,
          infiniplex_forest_end_double, infiniplex_forest_straight_2,
          infiniplex_forest_corner_1, infiniplex_forest_lined_room_,
          minmay_tromino_i2
D:3:      layout_basic, lemuel_round_altar, minivault_19, uniq_jessica,
          uniq_robin
D:4:      layout_basic, serial_shops, nicolae_square_shop, enter_ossuary_3,
          gammafunk_ghost_cemetery, kennysheep_generic_room_8

Skill      XL: |  1  2  3  4  5  6 |
---------------+-------------------+-----
Invocations    | 1 2 |  2.5
Short Blades   | 1 2 |  2.2
Long Blades    | 1 2 |  2.2
Axes           | 1 2 |  2.2
Polearms       | 1 2 |  2.2
Staves         | 1 2 |  2.2
Slings         | 1 2 |  2.2
Bows           | 1 2 |  2.2
Crossbows      | 1 2 |  2.2
Throwing       | 1 2 |  2.2
Armour         | 1 2 |  2.2
Shields        | 1 2 |  2.2
Unarmed Combat | 1 2 |  2.2
Spellcasting   | 1 2 |  2.2
Evocations     | 1 2 |  2.2
Conjurations   | 1 |  1.8
Hexes          | 1 |  1.8
Summonings     | 1 |  1.8
Necromancy     | 1 |  1.8
Translocations | 1 |  1.8
Transmutations | 1 |  1.8
Fire Magic     | 1 |  1.8
Ice Magic      | 1 |  1.8
Air Magic      | 1 |  1.8
Earth Magic    | 1 |  1.8
Poison Magic   | 1 |  1.8
Fighting       | |  6.9
Maces & Flails | |  6.9
Dodging        | |  6.9
Stealth        | |  4.8

Action                   |  1- 3 |  4- 6 |  7- 9 || total
-------------------------+-------+-------+-------++-------
Melee: Mace              |   112 |    63 |       ||   175
       Bite              |    10 |    12 |     1 ||    23
       Punch             |     1 |     2 |       ||     3
       Short sword       |       |   119 |     6 ||   125
  Use: Potion            |       |     1 |       ||     1
 Stab: Sleeping          |     8 |     8 |       ||    16
       Paralysed         |       |     1 |       ||     1
Armor: Robe              |    13 |       |       ||    13
       Ring mail         |     5 |    25 |       ||    30
       Chain mail        |       |    43 |     3 ||    46
Dodge: Dodged            |   102 |    64 |       ||   166
